 Dungeon Crawl Stone Soup version 0.31.0-9-g3a7656b989 (webtiles) character file.

Game seed: 13541057633834442603

291 Peloso the Slasher (level 6, -1/53 HPs)
             Began as a Minotaur Fighter on Feb 3, 2024.
             Was an Initiate of Okawaru.
             Incinerated by a bombardier beetle (5 damage)
             ... with a burning spray
             ... on level 4 of the Dungeon.
             The game lasted 00:04:25 (3249 turns).

Peloso the Slasher (Minotaur Fighter)               Turns: 3249, Time: 00:04:26

Health: -1/53      AC: 13    Str: 20    XL:     6   Next: 10%
Magic:  5/5        EV:  6    Int:  5    God:    Okawaru [......]
Gold:   144        SH:  5    Dex: 12    Spells: 5/5 levels left

rFire   . . .        a - +0 long sword
rCold   . . .        d - +0 buckler
rNeg    . . .        c - +0 plate armour
rPois   +            (helmet restricted)
rElec   .            m - +0 cloak
rCorr   .            (no gloves)
SInv    .            (no boots)
Will    .....        (no amulet) Stlth
                     h - ring of poison resistance
HPRegen 0.28/turn    (no ring)
MPRegen 0.09/turn

%: no passive effects
@: on fire, glowing
A: horns 2, retaliatory headbutt
a: Renounce Religion


You were on level 4 of the Dungeon.
You worshipped Okawaru.
Okawaru was noncommittal.
You visited 2 branches of the dungeon, and saw 5 of its levels.

You collected 144 gold pieces.

Inventory:

Hand Weapons
 a - a +0 long sword (weapon)
Armour
 b - a +0 scale mail
 c - a +0 plate armour (worn)
 d - a +0 buckler (worn)
 m - a +0 cloak (worn)
Jewellery
 h - a ring of poison resistance (left hand)
Scrolls
 e - a scroll of teleportation {unknown}
 l - a scroll of amnesia {unknown}
 n - 3 scrolls of fog
Potions
 f - a potion of magic {unknown}
 g - a potion of might
 i - a potion of curing
 j - a potion of resistance
 k - a potion of ambrosia
 o - a potion of haste


   Skills:
 + Level 4.4 Fighting
 + Level 5.2 Long Blades
 + Level 5.1 Armour
 + Level 0.7 Dodging
 + Level 0.1 Stealth
 + Level 4.9 Shields


You had 5 spell levels left.
You didn't know any spells.
Your spell library contained the following spells:

 Spells                   Type           Power      Damage    Failure   Level
 Foxfire                  Conj/Fire      0%         2x1d4     100%        1
 Sandblast                Erth           0%         2d4       100%        1
 Ensorcelled Hibernation  Hex/Ice        0%         N/A       100%        2
 Passwall                 Erth           0%         N/A       100%        3
 Stone Arrow              Conj/Erth      0%         3d7       100%        3
 Swiftness                Air            0%         N/A       100%        3
 Volatile Blastmotes      Fire/Tloc      0%         2d10      100%        3
 Brom's Barrelling Bould  Conj/Erth      0%         2d3       100%        4
 Fulminant Prism          Conj/Alch      0%         3d5       100%        4
 Iskenderun's Mystic Bla  Conj/Tloc      0%         2d3       100%        4
 Plasma Beam              Fire/Air       0%         2x1d10    100%        6
 Starburst                Conj/Fire      0%         6d3       100%        6
 Summon Ice Beast         Ice/Summ       Unusable   N/A       N/A         3
 Summon Mana Viper        Hex/Summ       Unusable   N/A       N/A         5
 Monstrous Menagerie      Summ           Unusable   N/A       N/A         7

Dungeon Overview and Level Annotations

Branches:
Dungeon (4/15)             Temple (1/1) D:4

Altars:
Ashenzari
Cheibriados
Dithmenos
Elyvilon
Fedhas
Hepliaklqana
Kikubaaqudgha
Makhleb
Okawaru
Ru
Trog
Uskayaw
Vehumet
Wu Jian
Xom
Yredelemnul
Zin

Shops:
D:1 *   D:2 (


Innate Abilities, Weirdness & Mutations

You have a pair of horns on your head.
You reflexively headbutt those who attack you in melee.


Message History

You closely miss the bombardier beetle.
You headbutt the bombardier beetle, but do no damage.
The bombardier beetle is almost dead.
The liquid fire burns you!
You barely miss the bombardier beetle.
The bombardier beetle is almost dead.
The liquid fire burns you!
The bombardier beetle sprays incendiary fluid at you.
The burning spray hits you.
You are even more covered in liquid fire!
You hit the bombardier beetle but do no damage.
The bombardier beetle is almost dead.
The liquid fire burns you!
The bombardier beetle bites you but does no damage.
You hit the bombardier beetle but do no damage.
The bombardier beetle is almost dead.
The liquid fire burns you!
You hit the bombardier beetle.
You kill the bombardier beetle!
Okawaru accepts your kill. The liquid fire burns you!
* * * LOW HITPOINT WARNING * * *
You have reached level 6!
You are on fire!
You are on fire!
You are on fire!
You are on fire!
You are on fire!
You shake off some of the fire as you move.
The liquid fire burns you!
* * * LOW HITPOINT WARNING * * *
You shake off some of the fire as you move.
The liquid fire burns you!
* * * LOW HITPOINT WARNING * * *
You shake off some of the fire as you move.
The liquid fire burns you!
* * * LOW HITPOINT WARNING * * *
You shake off some of the fire as you move.
The liquid fire burns you!
You die...

#.# #.# ##'##
##...## # ##.....##
###.# .##.......##
##.#.#
.#.........####....#
.'.......)......@..#
.#..<.......###....#
###.......#.# ##.#.#
..##.....##.# ###.#
#.###...###.# #
#.####'## #.# ...#
#.# #.. ..b# #.# ###
..>###.##


There were no monsters in sight!

Vanquished Creatures
  An ogre (D:4)
  2 bombardier beetles
  An iguana (D:4)
  4 adders
  A ribbon worm (D:2)
  A dart slug (D:2)
  10 ball pythons
  5 endoplasms
  3 giant cockroaches
  5 goblins
  2 hobgoblins
  10 jackals
  A quokka (D:3)
  4 bats
  2 frilled lizards
  7 kobolds
  7 rats
66 creatures vanquished.

Notes
Turn   | Place    | Note
-------+----------+-------------------------------------------
     0 | D:1      | Peloso the Minotaur Fighter began the quest for the Orb.
     0 | D:1      | Reached XP level 1. HP: 19/19 MP: 0/0
   142 | D:1      | Found a faded altar of an unknown god.
   298 | D:1      | Reached XP level 2. HP: 27/27 MP: 1/1
   421 | D:1      | Found Utoro's General Store.
  1084 | D:2      | Found Otelaph's Weapon Shoppe.
  1206 | D:2      | Reached XP level 3. HP: 33/33 MP: 2/2
  1904 | D:3      | Reached XP level 4. HP: 40/40 MP: 3/3
  2414 | D:3      | Found a snail-covered altar of Cheibriados.
  2726 | D:4      | Noticed an ogre
  2730 | D:4      | Killed an ogre
  2731 | D:4      | Reached skill level 5 in Long Blades
  2731 | D:4      | Reached skill level 5 in Armour
  2731 | D:4      | Reached XP level 5. HP: 14/46 MP: 4/4
  3142 | D:4      | Found a staircase to the Ecumenical Temple.
  3150 | Temple   | Entered the Ecumenical Temple
  3159 | Temple   | Became a worshipper of Warmaster Okawaru
  3211 | D:3      | Found a shimmering altar of Xom.
  3246 | D:4      | Reached XP level 6. HP: 16/53 MP: 5/5
  3249 | D:4      | Incinerated by a bombardier beetle

Illustrated notes

Levels and vault maps discovered:
D:1:      mrwooster_arrival_statue, layout_loops_ring,
          shapermc_ecumenical_altar_mp_ritualfount, serial_shops, shop,
          kennysheep_minor_cross, roderic_roman_lattice
D:2:      layout_basic, serial_shops, shop
D:3:      layout_basic, nicolae_overflow_hidden_temple, hex_medium,
          hangedman_decor_clover_reticule
D:4:      layout_loops_corners, minmay_temple_entry_butterflies
Temple:   eino_wide_crystal_templ

Skill      XL: |  1  2  3  4 |
---------------+-------------+-----
Armour         | 4 5 |  5.1
Shields        | 4 |  4.9
Long Blades    | 3 5 |  5.2
Fighting       | 4 |  4.4
Dodging        | |  0.7
Stealth        | |  0.1

Action                     |  1- 3 |  4- 6 || total
---------------------------+-------+-------++-------
  Melee: Long sword        |   111 |    58 ||   169
         Headbutt          |    12 |    12 ||    24
    Use: Potion            |     3 |       ||     3
         Scroll            |       |     4 ||     4
 Armour: Scale mail        |    17 |       ||    17
         Plate armour      |    85 |    36 ||   121
  Dodge: Dodged            |    46 |    14 ||    60
  Block: Buckler           |    32 |    17 ||    49
